SAA
ATHLETIC CLUB KC ACADEMY @ LONG ISLAND SEAWOLVES
09/18/2032
 
TOP OF THE 1ST
Athletic Club KC Academy batting - Pitching for Long Island Seawolves : RHP Floyd Cala
Pitching: RHP Floyd Cala
Batting: LHB Chi-hun Chong 0-0: Foul Ball, location: 2F
0-1: Foul Ball, location: 2F
0-2: Ball
1-2: Strikes out swinging
Batting: RHB Troy Whitehurst 0-0: Ball
1-0: Ball
2-0: Ball
3-0: Base on Balls
Batting: RHB Colin Bottone 0-0: Fly out, F7 (Line Drive, 7LD)
Batting: RHB Abeni Mbanefo 0-0: Fielders Choice at 2nd, 5-4 (Groundball, 56)
Top of the 1st over - 0 runs, 0 hits, 0 errors, 1 left on base; Athletic Club KC Academy 0 - Long Island 0
BOTTOM OF THE 1ST
Long Island Seawolves batting - Pitching for Athletic Club KC Academy : RHP Tom Erickson
Pitching: RHP Tom Erickson
Batting: LHB Takayuki Yoshikawa 0-0: Called Strike
0-1: Ball
1-1: Swinging Strike
1-2: Strikes out looking
Batting: RHB Sheldon Deshotels 0-0: Ball
1-0: Ball
2-0: Ball
3-0: Called Strike
3-1: Ground out 4-3 (Groundball, 4)
Batting: RHB Bill Rinck 0-0: Ground out 4-3 (Groundball, 4)
Bottom of the 1st over - 0 runs, 0 hits, 0 errors, 0 left on base; Athletic Club KC Academy 0 - Long Island 0
TOP OF THE 2ND
Athletic Club KC Academy batting - Pitching for Long Island Seawolves : RHP Floyd Cala
Batting: SHB Ijsbrand van Hoogewegen 0-0: Called Strike
0-1: Ball
1-1: Fly out, F9 (Line Drive, 9LM)
Batting: RHB Chee-hwa Tze 0-0: Fly out, F8 (Flyball, 89D)
Batting: LHB Luis Miguel González 0-0: Ball
1-0: Ball
2-0: Foul Ball, location: 2F
2-1: Called Strike
2-2: Foul Ball, location: 2F
2-2: SINGLE (Flyball, 7LS)
Batting: RHB Francisco Vigil 0-0: Called Strike
0-1: Foul Ball, location: 2F
0-2: Ball
1-2: Strikes out swinging
Top of the 2nd over - 0 runs, 1 hit, 0 errors, 1 left on base; Athletic Club KC Academy 0 - Long Island 0
BOTTOM OF THE 2ND
Long Island Seawolves batting - Pitching for Athletic Club KC Academy : RHP Tom Erickson
Batting: LHB Cornelius Taitt 0-0: Called Strike
0-1: Ball
1-1: Ball
2-1: Ball
3-1: SINGLE (Line Drive, 78S)
Batting: SHB Alfredo Sánchez 0-0: Ball
1-0: Ball
2-0: Foul Ball, location: 2F
2-1: Fly out, F8 (Flyball, 8LD)
Batting: RHB Júlio Flores 0-0: Called Strike
Cornelius Taitt steals 2nd base
0-1: Swinging Strike
0-2: Ball
1-2: Ball
2-2: Foul Ball, location: 2F
2-2: Ball
3-2: Strikes out swinging
Batting: RHB Jesús Quintana 0-0: Foul Ball, location: 2F
0-1: Ball
1-1: Foul Ball, location: 2F
1-2: Ball
Wild Pitch!
Cornelius Taitt to third
2-2: SINGLE (Flyball, 8RS)
Cornelius Taitt scores
Batting: RHB Albert Covington 0-0: Ball
1-0: Called Strike
Jesús Quintana steals 2nd base
1-1: Ball
Jesús Quintana steals 3rd base
2-1: Ball
3-1: Called Strike
3-2: Base on Balls
Batting: RHB Pablo Ledesma 0-0: Foul Ball, location: 2F
0-1: Swinging Strike
0-2: Ground out 3-1 (Groundball, 34S)
Bottom of the 2nd over - 1 run, 2 hits, 0 errors, 2 left on base; Athletic Club KC Academy 0 - Long Island 1
TOP OF THE 3RD
Athletic Club KC Academy batting - Pitching for Long Island Seawolves : RHP Floyd Cala
Batting: RHB Leonardo Hernández 0-0: Ball
1-0: Ground out 6-3 (Groundball, 6)
Batting: LHB Chi-hun Chong 0-0: Foul Ball, location: 2F
0-1: Ground out 1-3 (Groundball, 13)
Batting: RHB Troy Whitehurst 0-0: Ball
1-0: Called Strike
1-1: SOLO HOME RUN (Flyball, 78XD), Distance : 378 ft
Batting: RHB Colin Bottone 0-0: Swinging Strike
0-1: Fly out, F9 (Flyball, 9D)
Top of the 3rd over - 1 run, 1 hit, 0 errors, 0 left on base; Athletic Club KC Academy 1 - Long Island 1
BOTTOM OF THE 3RD
Long Island Seawolves batting - Pitching for Athletic Club KC Academy : RHP Tom Erickson
Batting: LHB Takayuki Yoshikawa 0-0: Called Strike
0-1: Ball
1-1: Ball
2-1: Called Strike
2-2: SINGLE (Groundball, 34) (infield hit)
Batting: RHB Sheldon Deshotels 0-0: Called Strike
0-1: SINGLE (Groundball, 6D)
Takayuki Yoshikawa to second
Batting: RHB Bill Rinck 0-0: Ball
1-0: Ball
2-0: Foul Ball, location: 2F
2-1: Foul Ball, location: 2F
2-2: Fly out, F9 (Flyball, 9S)
Batting: LHB Cornelius Taitt 0-0: Ball
1-0: SINGLE (Groundball, 4D)
Takayuki Yoshikawa to third
Sheldon Deshotels to second
Runner from 3rd tries for Home, SAFE, no throw
Batting: SHB Alfredo Sánchez 0-0: Called Strike
0-1: Foul Ball, location: 2F
0-2: Fly out, F5 (Popup, 56)
Batting: RHB Júlio Flores 0-0: Ball
1-0: Foul Ball, location: 2F
1-1: Ball
2-1: Called Strike
2-2: Foul Ball, location: 2F
2-2: DOUBLE (Line Drive, 8LD)
Sheldon Deshotels scores
Cornelius Taitt to third
Runner from 3rd tries for Home, SAFE, no throw
Batting: RHB Jesús Quintana 0-0: DOUBLE (Line Drive, 89D)
Júlio Flores scores
Pitching: LHP Dave Parkinson
Batting: RHB Albert Covington 0-0: Called Strike
0-1: Swinging Strike
0-2: Ball
1-2: Fly out, F9 (Line Drive, 9)
Bottom of the 3rd over - 4 runs, 5 hits, 0 errors, 1 left on base; Athletic Club KC Academy 1 - Long Island 5
TOP OF THE 4TH
Athletic Club KC Academy batting - Pitching for Long Island Seawolves : RHP Floyd Cala
Batting: RHB Abeni Mbanefo 0-0: Ball
1-0: Foul Ball, location: 2F
1-1: Fly out, F9 (Flyball, 9S)
Batting: SHB Ijsbrand van Hoogewegen 0-0: Foul Ball, location: 2F
0-1: Foul Ball, location: 2F
0-2: Ball
1-2: Ball
2-2: DOUBLE (Groundball, 3L)
Batting: RHB Chee-hwa Tze 0-0: Ball
1-0: Foul Ball, location: 2F
1-1: Fly out, F7 (Line Drive, 7D)
Runner from 2nd tags up, SAFE at 3rd, no throw
Batting: LHB Luis Miguel González 0-0: SINGLE (Flyball, 78M) - OUT at second base trying to stretch hit.
Ijsbrand van Hoogewegen scores
Top of the 4th over - 1 run, 2 hits, 0 errors, 0 left on base; Athletic Club KC Academy 2 - Long Island 5
BOTTOM OF THE 4TH
Long Island Seawolves batting - Pitching for Athletic Club KC Academy : LHP Dave Parkinson
Batting: RHB Pablo Ledesma 0-0: Ball
1-0: Called Strike
1-1: Ball
2-1: Ball
3-1: Swinging Strike
3-2: Strikes out swinging
Batting: LHB Takayuki Yoshikawa 0-0: Ball
1-0: Ball
2-0: SINGLE (Flyball, 7LS)
Batting: RHB Sheldon Deshotels 0-0: Ball
1-0: Called Strike
1-1: Ball
2-1: Ball
3-1: Foul Ball, location: 2F
3-2: Base on Balls
Takayuki Yoshikawa to second
Batting: RHB Bill Rinck 0-0: Ball
1-0: Foul Ball, location: 2F
1-1: Called Strike
Takayuki Yoshikawa steals 3rd base
Sheldon Deshotels to second
1-2: Strikes out swinging
Batting: LHB Cornelius Taitt 0-0: Called Strike
0-1: Called Strike
0-2: Ball
1-2: Ball
2-2: Strikes out swinging
Bottom of the 4th over - 0 runs, 1 hit, 0 errors, 2 left on base; Athletic Club KC Academy 2 - Long Island 5
TOP OF THE 5TH
Athletic Club KC Academy batting - Pitching for Long Island Seawolves : RHP Floyd Cala
Batting: RHB Francisco Vigil 0-0: Ball
1-0: Swinging Strike
1-1: Called Strike
1-2: Strikes out looking
Batting: RHB Leonardo Hernández 0-0: Called Strike
0-1: Ball
1-1: Ball
2-1: Foul Ball, location: 2F
2-2: Strikes out swinging
Batting: LHB Chi-hun Chong 0-0: Ball
1-0: Foul Ball, location: 2F
1-1: Called Strike
1-2: Ground out 1-3 (Groundball, 13S)
Top of the 5th over - 0 runs, 0 hits, 0 errors, 0 left on base; Athletic Club KC Academy 2 - Long Island 5
BOTTOM OF THE 5TH
Long Island Seawolves batting - Pitching for Athletic Club KC Academy : LHP Dave Parkinson
Batting: SHB Alfredo Sánchez 0-0: Ball
1-0: Foul Ball, location: 2F
1-1: Ball
2-1: Called Strike
2-2: Ball
3-2: Foul Ball, location: 2F
3-2: Base on Balls
Batting: RHB Júlio Flores 0-0: Sac Bunt - play at first, batter OUT! 5-3
Alfredo Sánchez to second
Batting: RHB Jesús Quintana 0-0: Ball
1-0: Ball
2-0: Ball
3-0: Base on Balls
Batting: RHB Albert Covington 0-0: Called Strike
0-1: Called Strike
0-2: DOUBLE (Line Drive, 7LM)
Alfredo Sánchez scores
Jesús Quintana to third
Batting: RHB Pablo Ledesma 0-0: Ground out 6-3 (Groundball, 6)
Batting: LHB Takayuki Yoshikawa 0-0: Foul Ball, location: 2F
0-1: Ball
1-1: Foul Ball, location: 2F
1-2: Fly out, F8 (Flyball, 8RM)
Bottom of the 5th over - 1 run, 1 hit, 0 errors, 2 left on base; Athletic Club KC Academy 2 - Long Island 6
TOP OF THE 6TH
Athletic Club KC Academy batting - Pitching for Long Island Seawolves : RHP Floyd Cala
Batting: RHB Troy Whitehurst 0-0: SINGLE (Groundball, 56D)
Batting: RHB Colin Bottone 0-0: Called Strike
0-1: Fly out, F9 (Flyball, 9S)
Batting: RHB Abeni Mbanefo 0-0: Ball
1-0: SINGLE (Groundball, 6MD)
Troy Whitehurst to second
Batting: SHB Ijsbrand van Hoogewegen 0-0: Called Strike
0-1: Fly out, F7 (Line Drive, 7)
Batting: RHB Chee-hwa Tze 0-0: Foul Ball, location: 2F
0-1: Swinging Strike
0-2: Ball
1-2: Strikes out swinging
Top of the 6th over - 0 runs, 2 hits, 0 errors, 2 left on base; Athletic Club KC Academy 2 - Long Island 6
BOTTOM OF THE 6TH
Long Island Seawolves batting - Pitching for Athletic Club KC Academy : LHP Dave Parkinson
Batting: RHB Sheldon Deshotels 0-0: Foul Ball, location: 2F
0-1: Ground out 4-3 (Groundball, 4)
Batting: RHB Bill Rinck 0-0: Called Strike
0-1: Ground out 3-1 (Groundball, 34)
Batting: LHB Cornelius Taitt 0-0: Called Strike
0-1: Ground out U3 (Groundball, 34)
Bottom of the 6th over - 0 runs, 0 hits, 0 errors, 0 left on base; Athletic Club KC Academy 2 - Long Island 6
TOP OF THE 7TH
Athletic Club KC Academy batting - Pitching for Long Island Seawolves : RHP Floyd Cala
Batting: LHB Luis Miguel González 0-0: Called Strike
0-1: Ball
1-1: SINGLE (Flyball, 5D)
Pitching: RHP Fernando Júlio
Batting: RHB Francisco Vigil 0-0: Fly out, F9 (Flyball, 9S)
Batting: RHB Leonardo Hernández 0-0: Ball
1-0: Fly out, F8 (Flyball, 8RD)
Batting: LHB Chi-hun Chong 0-0: Ball
1-0: Ball
2-0: Called Strike
2-1: SINGLE (Groundball, 4D)
Luis Miguel González to second
Runner from 2nd tries for 3rd, SAFE, no throw
Batting: RHB Troy Whitehurst 0-0: Called Strike
0-1: Ball
1-1: Ball
2-1: Foul Ball, location: 2F
2-2: Strikes out looking
Top of the 7th over - 0 runs, 2 hits, 0 errors, 2 left on base; Athletic Club KC Academy 2 - Long Island 6
BOTTOM OF THE 7TH
Long Island Seawolves batting - Pitching for Athletic Club KC Academy : LHP Dave Parkinson
Batting: SHB Alfredo Sánchez 0-0: Foul Ball, location: 2F
0-1: SOLO HOME RUN (Flyball, 7LD), Distance : 323 ft
Batting: RHB Júlio Flores 0-0: Ground out 3-1 (Groundball, 34S)
Batting: RHB Jesús Quintana 0-0: Called Strike
0-1: Swinging Strike
0-2: Fly out, F7 (Flyball, 7)
Batting: RHB Albert Covington 0-0: Ball
1-0: Reached on error, E5 (Groundball, 56S)
Batting: RHB Pablo Ledesma 0-0: Foul Ball, location: 2F
0-1: Ball
1-1: Fielders Choice at 2nd, 6-4 (Groundball, 56)
Bottom of the 7th over - 1 run, 1 hit, 1 error, 1 left on base; Athletic Club KC Academy 2 - Long Island 7
TOP OF THE 8TH
Athletic Club KC Academy batting - Pitching for Long Island Seawolves : RHP Fernando Júlio
Now at C: Juan León
Batting: RHB Colin Bottone 0-0: Ball
1-0: DOUBLE (Flyball, 8LXD)
Batting: RHB Abeni Mbanefo 0-0: Ball
1-0: Called Strike
1-1: Called Strike
1-2: Ball
2-2: Ground out 4-3 (Groundball, 4)
Colin Bottone to third
Batting: SHB Ijsbrand van Hoogewegen 0-0: Foul Ball, location: 2F
0-1: Ball
1-1: Swinging Strike
1-2: Ball
2-2: Ball
3-2: Foul Ball, location: 2F
3-2: Strikes out looking
Batting: RHB Chee-hwa Tze 0-0: Ball
1-0: Ball
2-0: Called Strike
2-1: Ball
3-1: Ground out 4-3 (Groundball, 4S)
Top of the 8th over - 0 runs, 1 hit, 0 errors, 1 left on base; Athletic Club KC Academy 2 - Long Island 7
BOTTOM OF THE 8TH
Long Island Seawolves batting - Pitching for Athletic Club KC Academy : LHP Dave Parkinson
Batting: LHB Takayuki Yoshikawa 0-0: Ball
1-0: Ball
2-0: Ball
3-0: Base on Balls
Batting: RHB Sheldon Deshotels 0-0: SINGLE (Flyball, 7LM)
Takayuki Yoshikawa to second
Batting: RHB Bill Rinck 0-0: Ball
1-0: Ball
2-0: Ball
3-0: Base on Balls
Takayuki Yoshikawa to third
Sheldon Deshotels to second
Batting: LHB Cornelius Taitt 0-0: Swinging Strike
0-1: Ball
1-1: Foul Ball, location: 2F
1-2: Strikes out swinging
Batting: SHB Alfredo Sánchez 0-0: GRAND SLAM HOME RUN (Flyball, 7LD), Distance : 343 ft
Batting: RHB Júlio Flores 0-0: Ball
1-0: Ball
2-0: Ball
3-0: Called Strike
3-1: Base on Balls
Batting: RHB Jeff MacCamie 0-0: Ball
1-0: Called Strike
Júlio Flores steals 2nd base
1-1: Ball
Balk!
Júlio Flores to third
2-1: SINGLE (Groundball, 6D)
Júlio Flores scores
Batting: RHB Albert Covington 0-0: Ball
1-0: Ball
2-0: Ball
3-0: Called Strike
3-1: Foul Ball, location: 2F
3-2: Foul Ball, location: 2F
3-2: Base on Balls
Jeff MacCamie to second
Pitching: RHP Ánibal Acejedo
Batting: RHB Juan León 0-0: Ball
1-0: Ball
2-0: Ball
Wild Pitch!
Jeff MacCamie to third
Albert Covington to second
3-0: Base on Balls
Batting: LHB Takayuki Yoshikawa 0-0: Ball
1-0: SINGLE (Line Drive, 7LS)
Jeff MacCamie scores
Albert Covington to third
Juan León to second
Runner from 3rd tries for Home, SAFE, no throw
Batting: RHB Sheldon Deshotels 0-0: Called Strike
0-1: Grounds into double play, 4-6-3 (Groundball, 34)
Bottom of the 8th over - 7 runs, 4 hits, 0 errors, 1 left on base; Athletic Club KC Academy 2 - Long Island 14
TOP OF THE 9TH
Athletic Club KC Academy batting - Pitching for Long Island Seawolves : RHP Fernando Júlio
Now at 1B: Pedro Colón
Now at 2B: Jeff MacCamie
Now in CF: Ramón Valdéz
Batting: LHB Luis Miguel González 0-0: Called Strike
0-1: Called Strike
0-2: Ball
1-2: Fly out, F8 (Flyball, 8RD)
Batting: RHB Francisco Vigil 0-0: Ground out U3 (Groundball, 3L)
Batting: RHB Leonardo Hernández 0-0: Ball
1-0: Called Strike
1-1: Fly out, F8 (Flyball, 78M)
Top of the 9th over - 0 runs, 0 hits, 0 errors, 0 left on base; Athletic Club KC Academy 2 - Long Island 14
Wednesday, September 19th, 2018 - OOTP Baseball 18.8 Build 76